Map: Ascension to Aiur LE

Players

Elazer - Winner!

  • Race: Zerg Zerg
  • League: Master
  • Spawn Location: 5:00

Harstem

  • Race: Protoss Protoss
  • League: Master
  • Spawn Location: 11:00

Event: HomeStory Cup XVI

VOD

Have the link to the VOD?

Description

Time

  • Played on: Nov. 9, 2017, 8:22 a.m.
  • Length: 9:41

All games in this series

Show
View Real Time Build Order
Export as new Build Order

Elazer Zerg - Winner!

Build Orders: Hatch First 

Get SALT Encoding   

  12  0:00  Drone  
  13  0:12  Overlord  
  13  0:17  Drone  
  14  0:30  Drone  
  14  0:31  Drone  
  16  0:48  Hatchery  
  15  0:51  Drone  
  15  0:54  Drone  
  17  0:58  Drone  
  18  1:08  Extractor  
  17  1:13  Spawning Pool  
  17  1:16  Drone  
  17  1:20  Drone  
  18  1:28  Drone  
  19  1:38  Overlord  
  19  1:50  Drone  
  20  1:59  Queen  
  20  2:00  Queen, Drone  
  20  2:01  Zergling x2  
  26  2:08  Metabolic Boost  
  26  2:11  Drone  
  26  2:13  Drone  
  28  2:22  Drone  
  29  2:25  Drone  
  30  2:35  Zergling x4  
  32  2:43  Hatchery  
  31  2:51  Overlord  
  31  2:56  Drone x2  
  31  2:58  Drone  
  34  3:01  Spore Crawler  
  33  3:07  Zergling x2  
  33  3:08  Spore Crawler  
  33  3:10  Queen  
  35  3:16  Drone x2  
  35  3:18  Drone  
  37  3:20  Drone  
  37  3:25  Drone  
  39  3:31  Overlord  
  39  3:34  Drone  
  39  3:37  Drone  
  39  3:39  Drone  
  39  3:40  Drone x2  
  43  3:54  Zergling x4  
  44  3:58  Drone x2  
  44  3:59  Drone  
  48  4:02  Drone  
  48  4:03  Overlord  
  48  4:07  Drone x2  
  50  4:12  Drone  
  50  4:14  Lair  
  50  4:15  Drone  
  52  4:19  Overlord  
  52  4:24  Spore Crawler, Drone  
  52  4:26  Drone  
  52  4:27  Drone x3  
  52  4:28  Drone  
  52  4:30  Drone x2  
  52  4:31  Drone  
  60  4:34  Extractor  
  60  4:38  Drone x2  
  60  4:39  Overlord  
  60  4:43  Extractor, Drone x2  
  60  4:44  Evolution Chamber, Drone  
  62  4:47  Overlord  
  62  4:49  Drone  
  62  4:51  Drone  
  64  5:03  Overlord, Drone  
  64  5:04  Drone x2  
  64  5:05  Drone x3  
  69  5:08  Extractor  
  69  5:13  Zerg Missile Weapons Level 1  
  68  5:16  Hydralisk Den  
  68  5:17  Overlord  
  68  5:20  Extractor  
  66  5:26  Overlord  
  66  5:27  Drone x3  
  69  5:29  Drone x3, Hatchery  
  69  5:34  Overlord  
  70  5:45  Muscular Augments, Hydralisk x4  
  77  5:53  Drone x2  
  77  5:56  Hydralisk x2  
  81  6:00  Zergling x16  
  91  6:06  Overlord  
  91  6:08  Hydralisk x3  
  91  6:10  Hydralisk  
  99  6:14  Hydralisk  
  101  6:21  Extractor, Drone x2  
  102  6:27  Hydralisk  
  102  6:28  Hydralisk x2  
  108  6:36  Hydralisk x3  
  108  6:39  Zergling x4  
  118  6:40  Zergling x10  
  119  6:47  Hydralisk x2  
  119  6:49  Baneling Nest  
  119  6:51  Overseer  
  122  6:54  Drone x2  
  122  6:56  Hydralisk, Drone  
  126  7:11  Hydralisk  
  128  7:17  Zerg Missile Weapons Level 2, Overlord  
  128  7:19  Overlord  
  128  7:24  Overlord  
  128  7:36  Queen, Centrifical Hooks, Hatchery  
  128  7:38  Drone x4  
  128  7:39  Drone x8  
  140  7:47  Hydralisk x2  
  144  7:51  Hydralisk x2  
  144  7:52  Hydralisk  
  144  7:55  Hydralisk x2  
  146  8:09  Hydralisk  
  146  8:10  Hydralisk x5  
  150  8:19  Hydralisk  
  151  8:25  Hydralisk  
  151  8:28  Overlord x2  
  151  8:31  Overlord  
  151  8:41  Overlord  
  151  8:43  Infestation Pit  
  151  8:44  Hydralisk  
  151  8:47  Zergling x28  
  151  8:48  Zergling x2  
  167  8:51  Zergling x2  
  167  9:06  Zergling x20  
  177  9:12  Zergling x16  
  173  9:21  Zergling x6  
Show
View Real Time Build Order
Export as new Build Order

Harstem Protoss 

Build Orders: 1 Gate Expand, Oracle Opening 

Get SALT Encoding   

  1  0:00  Probe (Chrono Boost)  
  12  0:06  Probe (Chrono Boost)  
  14  0:18  Pylon  
  14  0:24  Probe (Chrono Boost)  
  15  0:35  Assimilator  
  15  0:38  Probe (Chrono Boost)  
  16  0:49  Gateway  
  17  0:50  Probe (Chrono Boost)  
  17  0:59  Probe (Chrono Boost)  
  18  1:05  Probe (Chrono Boost)  
  19  1:16  Probe (Chrono Boost)  
  20  1:32  Nexus  
  20  1:36  Cybernetics Core  
  20  1:42  Probe (Chrono Boost)  
  20  1:44  Assimilator  
  22  1:54  Probe (Chrono Boost), Pylon  
  22  2:06  Probe (Chrono Boost)  
  23  2:13  Stargate  
  23  2:18  Adept, Probe (Chrono Boost)  
  23  2:21  Warp Gate  
  27  2:30  Probe (Chrono Boost)  
  27  2:39  Oracle  
  27  2:43  Probe (Chrono Boost)  
  28  2:45  Stalker  
  28  2:46  Probe (Chrono Boost)  
  31  2:55  Probe (Chrono Boost)  
  36  2:58  Probe (Chrono Boost)  
  37  3:07  Probe (Chrono Boost)  
  37  3:10  Probe (Chrono Boost)  
  38  3:13  Gateway  
  38  3:19  Probe (Chrono Boost)  
  39  3:22  Probe (Chrono Boost)  
  39  3:24  Adept  
  42  3:31  Probe (Chrono Boost), Pylon  
  44  3:34  Probe (Chrono Boost)  
  44  3:39  Pylon  
  44  3:41  Gateway  
  44  3:43  Probe (Chrono Boost)  
  45  3:52  Probe x2 (Chrono Boost)  
  47  3:58  Probe x2 (Chrono Boost)  
  49  4:06  Assimilator  
  49  4:09  Probe x2 (Chrono Boost)  
  51  4:11  Assimilator  
  51  4:21  Probe x2 (Chrono Boost)  
  53  4:25  Nexus  
  53  4:28  Fleet Beacon  
  53  4:29  Forge  
  53  4:30  Twilight Council  
  54  4:33  Probe (Chrono Boost)  
  54  4:38  Pylon  
  54  4:39  Protoss Ground Weapons Level 1  
  54  4:40  Pylon  
  54  4:48  Blink  
  54  4:50  Pylon  
  54  4:52  Robotics Facility  
  54  4:57  Zealot  
  54  4:58  Probe x2 (Chrono Boost)  
  54  4:59  Adept  
  60  5:10  Probe x2 (Chrono Boost)  
  62  5:16  Sentry  
  62  5:18  Sentry  
  62  5:20  Sentry  
  70  5:22  Probe x2 (Chrono Boost)  
  70  5:27  Shield Battery  
  70  5:28  Pylon  
  70  5:34  Probe x2 (Chrono Boost)  
  72  5:39  Probe (Chrono Boost)  
  72  5:40  Gateway  
  73  5:46  Gateway, Probe (Chrono Boost), Sentry  
  77  5:50  Probe (Chrono Boost)  
  77  5:51  Sentry x2  
  77  5:54  Pylon  
  77  5:55  Warp Prism  
  83  6:00  Probe (Chrono Boost)  
  83  6:02  Probe x2 (Chrono Boost)  
  83  6:03  Photon Cannon  
  86  6:09  Gateway  
  87  6:13  Probe (Chrono Boost)  
  87  6:14  Probe (Chrono Boost)  
  87  6:16  Assimilator  
  87  6:17  Gateway  
  87  6:18  Sentry x2  
  92  6:19  Sentry  
  92  6:24  Observer  
  95  6:27  Protoss Ground Weapons Level 2, Probe (Chrono Boost), Pylon  
  95  6:28  Assimilator, Probe (Chrono Boost)  
  97  6:41  Adept  
  97  6:42  Probe (Chrono Boost)  
  100  6:47  Probe (Chrono Boost)  
  100  6:50  Robotics Bay  
  100  6:52  Pylon  
  100  6:53  Stalker x2, Pylon  
  104  6:56  Pylon  
  104  6:59  Stalker  
  106  7:02  Stalker  
  104  7:11  Stalker  
  94  7:17  Probe (Chrono Boost)  
  94  7:18  Gateway  
  94  7:22  Stalker x4, Gateway  
  102  7:24  Pylon  
  102  7:26  Probe x2 (Chrono Boost)  
  102  7:29  Sentry  
  106  7:30  Stalker, Disruptor  
  106  7:33  Probe (Chrono Boost)  
  109  7:38  Shield Battery  
  111  7:44  Probe (Chrono Boost)  
  111  7:46  Charge  
  111  7:49  Stalker, Pylon  
  111  7:50  Zealot x2  
  117  7:57  Disruptor  
  118  7:59  Zealot, Probe (Chrono Boost)  
  118  8:00  Zealot, Sentry  
  118  8:03  Stalker  
  120  8:10  Probe (Chrono Boost)  
  120  8:11  Zealot x2  
  115  8:16  Stalker  
  120  8:22  Zealot x2  
  120  8:24  Probe (Chrono Boost)  
  125  8:28  Stalker x3  
  125  8:29  Pylon  
  125  8:30  Disruptor  
  125  8:32  Zealot x2  
  136  8:36  Zealot  
  138  8:41  Zealot  
  138  8:45  Stalker  
  142  8:49  Pylon  
  142  8:54  Pylon  
  142  9:01  Stalker x4  
  139  9:20  Zealot x5  
  140  9:27  Zealot x2  
  140  9:28  Zealot  
Tags
 
Add a new tag
Caveats
  • Supply blocks, unpowered buildings, or Contaminate may cause inaccurate times.
  • Supply counts are checked every 10 seconds.